 Dungeon Crawl Stone Soup version 0.22.1-2-g9c5b331 (webtiles) character file.

268 Monzz the Chopper (level 6, 0/82 HPs)
             Began as a Hill Orc Monk on Jan 2, 2019.
             Slain by a crimson imp (2 damage)
             ... summoned by Natasha
             ... on level 3 of the Dungeon.
             The game lasted 00:11:12 (3058 turns).

Monzz the Chopper (Hill Orc Monk)                   Turns: 3058, Time: 00:11:13

Health: 0/82       AC: 23    Str: 17    XL:     6   Next: 21%
Magic:  6/6        EV:  2    Int: 12    God:
Gold:   136        SH:  0    Dex: 14    Spells: 5/5 levels left

rFire    + . .     SeeInvis .   j - +0 war axe
rCold    x . .     Gourm    .   (no shield)
rNeg     + + +     Faith    .   (armour currently unavailable)
rPois    +         Spirit   .   (helmet currently unavailable)
rElec    .         Reflect  .   (cloak currently unavailable)
rCorr    .         Harm     .   (gloves currently unavailable)
MR       +....     NoTele   +   (boots currently unavailable)
Stlth    +++.......             (no amulet)
HPRegen  0.23/turn              g - ring of stealth
MPRegen  0.10/turn              o - ring of fire

@: tree-form
A: clever 1, magic resistance 1, strong 1
a: no special abilities


You were on level 3 of the Dungeon.
You were not hungry.
You were a tree.
You visited 1 branch of the dungeon, and saw 3 of its levels.

You collected 136 gold pieces.

Inventory:

Hand Weapons
 a - a +0 hand axe
 e - a +0 dagger of pain
 j - a +0 war axe (weapon)
Missiles
 d - 7 poisoned needles
 f - 64 stones (quivered)
 i - an exploding tomahawk
Armour
 b - a +0 scale mail (melded)
Jewellery
 g - a ring of stealth (left branch)
 o - a ring of fire (right branch)
Scrolls
 h - 6 scrolls of identify
Comestibles
 c - 5 rations


   Skills:
 + Level 4.8 Fighting
 + Level 6.7 Axes
 + Level 0.1 Throwing
 + Level 2.4 Armour
 + Level 3.0 Dodging
 + Level 1.7 Stealth


You had 5 spell levels left.
You didn't know any spells.
Your spell library was empty.

Dungeon Overview and Level Annotations

Branches:
Dungeon (3/15)

Altars:

Annotations:
D:3 Natasha


Innate Abilities, Weirdness & Mutations

Your mind is acute. (Int +2)
You are resistant to hostile enchantments. (MR+)
Your muscles are strong. (Str +2)
((Your movements are slightly less encumbered by armour. (ER -2)))


Message History

Your +0 scale mail melds into your body.
Your roots penetrate the ground.
The crimson imp hits you but does no damage.
Natasha zaps a wand.
You resist with almost no effort.
You barely miss the crimson imp.
The crimson imp is severely wounded.
The crimson imp hits you but does no damage.
The crimson imp blinks!
The crimson imp hits you but does no damage.
You miss the crimson imp.
The crimson imp is heavily wounded.
You slash the crimson imp!
The crimson imp hits you but does no damage.
The crimson imp blinks!
The crimson imp hits you but does no damage.
You closely miss the crimson imp.
The crimson imp is heavily wounded.
You barely miss the crimson imp.
The crimson imp blinks! x2
The crimson imp hits you.
You die...

##....#.########## #.#
#.#.#............# #.#
.##...#.########.####.#
.#####................#
.# #.########5.####.#
.# #.# #..####.##### ##
#.# #...........# #.#
##5####.###.# #.# #♣§#
#.# #.# #.# ##h# #.#
#(# #.. #.# #)###.# ###
#§# #..##.## #)#
#..##..# #.###..###.#
#§.........#
#.###..##..# .. .>.
#..##..#


You could see Natasha and 2 crimson imps.

Vanquished Creatures
  2 orc wizards (D:2)
  Natasha (D:3)
  Terence (D:2)
  5 gnolls
  3 adders (D:2)
  An ooze (D:3)
  A dart slug (D:3)
  2 leopard geckos (D:1)
  7 orcs
  2 ball pythons
  7 bats
  3 giant cockroaches
  5 goblins
  10 hobgoblins
  4 jackals (D:3)
  6 kobolds
  2 quokkas
  2 frilled lizards
  7 rats
71 creatures vanquished.

Vanquished Creatures (others)
  An orc (D:3)
1 creature vanquished.

Grand Total: 72 creatures vanquished

Notes
Turn   | Place    | Note
-------+----------+-------------------------------------------
     0 | D:1      | Monzz the Hill Orc Monk began the quest for the Orb.
     0 | D:1      | Reached XP level 1. HP: 19/19 MP: 1/1
   159 | D:1      | Reached XP level 2. HP: 27/27 MP: 2/2
   479 | D:1      | Reached XP level 3. HP: 31/33 MP: 3/3
   865 | D:2      | Noticed Terence
   895 | D:2      | Killed Terence
   895 | D:2      | Reached skill level 5 in Axes
   895 | D:2      | Reached XP level 4. HP: 20/40 MP: 4/4
  1222 | D:2      | Reached skill level 1 in Armour
  1826 | D:2      | HP: 1/41 [gnoll/flail (9)]
  1995 | D:2      | Reached XP level 5. HP: 12/47 MP: 5/5
  2386 | D:2      | Reached skill level 6 in Axes
  2708 | D:3      | Noticed Natasha
  2720 | D:3      | Killed Natasha
  2814 | D:3      | Reached XP level 6. HP: 51/53 MP: 6/6
  3036 | D:3      | Noticed Natasha
  3040 | D:3      | Gained mutation: Your mind is acute. (Int +2) [potion of
                  | mutation]
  3040 | D:3      | Gained mutation: Your muscles are strong. (Str +2) [potion
                  | of mutation]
  3040 | D:3      | Gained mutation: You are resistant to hostile enchantments.
                  | (MR+) [potion of mutation]
  3040 | D:3      | Gained mutation: Your movements are slightly less
                  | encumbered by armour. (ER -2) [potion of mutation]
  3054 | D:3      | HP: 1/55 [Natasha/magic dart (7)]
  3058 | D:3      | Slain by a crimson imp

Skill      XL: |  1  2  3  4  5  6 |
---------------+-------------------+-----
Fighting       | 4 |  4.8
Axes           | 5 6 |  6.7
Armour         | 1 2 |  2.4
Dodging        | 3 |  3.0
Throwing       | |  0.1
Stealth        | |  1.7

Action                   |  1- 3 |  4- 6 || total
-------------------------+-------+-------++-------
Melee: Hand axe          |   119 |   115 ||   234
       War axe           |       |    63 ||    63
       Unarmed           |       |     5 ||     5
Throw: Stone             |       |     3 ||     3
  Use: Scroll            |     3 |     2 ||     5
       Potion            |       |     9 ||     9
 Stab: Sleeping          |     1 |     1 ||     2
  Eat: Chunk             |       |     7 ||     7
Armor: Ring mail         |    40 |     1 ||    41
       Scale mail        |       |    79 ||    79
       Skin              |       |     5 ||     5
Dodge: Dodged            |    75 |   111 ||   186
